BR (22 & UNDER)
CORONADO ECLIPSE @ AMITY GARDENS WESTERNERS
09/18/2028
 
TOP OF THE 1ST
Coronado Eclipse batting - Pitching for Amity Gardens Westerners : LHP Fernando García
Pitching: LHP Fernando García
Batting: RHB Felipe Hernández 0-0: Ball
1-0: Ball
2-0: Ground out 1-3 (Groundball, 15)
Batting: RHB Mario Barker 0-0: SINGLE (Groundball, 56D)
Batting: RHB Luis López 0-0: Called Strike
Mario Barker steals 2nd base
0-1: Fly out, F6 (Popup, 56D)
Batting: RHB Júlio Núñez 0-0: Ball
Wild Pitch!
Mario Barker to third
1-0: Foul Ball, location: 2F
1-1: Ball
2-1: Ball
3-1: Called Strike
3-2: Strikes out swinging
Top of the 1st over - 0 run(s), 1 hit(s), 0 error(s), 1 left on base; Coronado 0 - Amity Gardens 0
BOTTOM OF THE 1ST
Amity Gardens Westerners batting - Pitching for Coronado Eclipse : RHP Roger Coulombe
Pitching: RHP Roger Coulombe
Batting: RHB Mel Wells 0-0: Called Strike
0-1: Ball
1-1: Foul Ball, location: 2F
1-2: Ball
2-2: Foul Ball, location: 2F
2-2: Ground out 6-3 (Groundball, 6)
Batting: RHB Jorge García 0-0: Ball
1-0: Ball
2-0: Called Strike
2-1: Swinging Strike
2-2: Strikes out swinging
Batting: RHB Gustavo Todd 0-0: Ground out 6-3 (Groundball, 6)
Bottom of the 1st over - 0 run(s), 0 hit(s), 0 error(s), 0 left on base; Coronado 0 - Amity Gardens 0
TOP OF THE 2ND
Coronado Eclipse batting - Pitching for Amity Gardens Westerners : LHP Fernando García
Batting: RHB Jesús Pérez 0-0: Called Strike
0-1: Ball
1-1: Ball
2-1: Ground out 5-3 (Groundball, 56)
Batting: RHB Phil Martin 0-0: Called Strike
0-1: Ball
1-1: Foul Ball, location: 2F
1-2: SINGLE (Flyball, 9S)
Batting: RHB Ramón Sánchez 0-0: Fly out, F9 (Flyball, 9S)
Batting: RHB Javier Hernández 0-0: SINGLE (Groundball, 56S) (infield hit)
Phil Martin to second
Batting: RHB Bill Petty 0-0: SINGLE (Groundball, 6MD)
Phil Martin to third
Javier Hernández to second
Runner from 3rd tries for Home, SAFE, no throw
Batting: RHB Felipe Hernández 0-0: Called Strike
Throwing error on steal attempt, E2
Javier Hernández scores
Bill Petty to third
0-1: Swinging Strike
0-2: Ball
1-2: Ground out 6-3 (Groundball, 6)
Top of the 2nd over - 2 run(s), 3 hit(s), 1 error(s), 1 left on base; Coronado 2 - Amity Gardens 0
BOTTOM OF THE 2ND
Amity Gardens Westerners batting - Pitching for Coronado Eclipse : RHP Roger Coulombe
Batting: RHB Pat Johnston 0-0: Ball
1-0: Ball
2-0: Ball
3-0: Base on Balls
Batting: LHB Jack Mitchell 0-0: Ball
1-0: Foul Ball, location: 2F
1-1: Ball
2-1: Foul Ball, location: 2F
2-2: Fly out, F7 (Flyball, 7LSF)
Batting: RHB Carlos Dumenigo 0-0: Called Strike
0-1: Ball
1-1: Ball
2-1: Foul Ball, location: 2F
2-2: Foul Ball, location: 2F
2-2: Strikes out swinging
Batting: RHB Josh Bergman 0-0: Called Strike
0-1: Called Strike
0-2: Fly out, F7 (Line Drive, 7)
Bottom of the 2nd over - 0 run(s), 0 hit(s), 0 error(s), 1 left on base; Coronado 2 - Amity Gardens 0
TOP OF THE 3RD
Coronado Eclipse batting - Pitching for Amity Gardens Westerners : LHP Fernando García
Batting: RHB Mario Barker 0-0: Fly out, F9 (Flyball, 9LSF)
Batting: RHB Luis López 0-0: Ball
1-0: Ball
2-0: Fly out, F8 (Line Drive, 89M)
Batting: RHB Júlio Núñez 0-0: Foul Ball, location: 2F
0-1: Swinging Strike
0-2: Foul Ball, location: 2F
0-2: Foul Ball, location: 2F
0-2: Ground out 6-3 (Groundball, 6MD)
Top of the 3rd over - 0 run(s), 0 hit(s), 0 error(s), 0 left on base; Coronado 2 - Amity Gardens 0
BOTTOM OF THE 3RD
Amity Gardens Westerners batting - Pitching for Coronado Eclipse : RHP Roger Coulombe
Batting: RHB Jonathon García 0-0: Ground out 4-3 (Groundball, 4)
Batting: RHB Tomás Rivera 0-0: Ball
1-0: Ball
2-0: Called Strike
2-1: DOUBLE (Flyball, 89D) - OUT at third base trying to stretch hit.
Batting: RHB Mel Wells 0-0: Called Strike
0-1: Ball
1-1: Called Strike
1-2: Foul Ball, location: 2F
1-2: Strikes out swinging
Bottom of the 3rd over - 0 run(s), 1 hit(s), 0 error(s), 0 left on base; Coronado 2 - Amity Gardens 0
TOP OF THE 4TH
Coronado Eclipse batting - Pitching for Amity Gardens Westerners : LHP Fernando García
Batting: RHB Jesús Pérez 0-0: Called Strike
0-1: Ball
1-1: Fly out, F9 (Flyball, 9)
Batting: RHB Phil Martin 0-0: Called Strike
0-1: SINGLE (Line Drive, 3D)
Batting: RHB Ramón Sánchez 0-0: Ball
1-0: SINGLE (Groundball, 56D)
Phil Martin to second
Batting: RHB Javier Hernández 0-0: Called Strike
0-1: Ball
1-1: Ball
2-1: Called Strike
2-2: Foul Ball, location: 2F
2-2: Fly out, F6 (Popup, 56D)
Batting: RHB Bill Petty 0-0: Reached on error, E5 (Groundball, 56)
Phil Martin to third
Ramón Sánchez to second
Batting: RHB Felipe Hernández 0-0: Ball
1-0: Called Strike
1-1: Foul Ball, location: 2F
1-2: Ball
2-2: Strikes out swinging
Top of the 4th over - 0 run(s), 2 hit(s), 1 error(s), 3 left on base; Coronado 2 - Amity Gardens 0
BOTTOM OF THE 4TH
Amity Gardens Westerners batting - Pitching for Coronado Eclipse : RHP Roger Coulombe
Batting: RHB Jorge García 0-0: Ball
1-0: Swinging Strike
1-1: Ball
2-1: Called Strike
2-2: Strikes out swinging
Batting: RHB Gustavo Todd 0-0: Called Strike
0-1: Ball
1-1: Ball
2-1: Ball
3-1: Swinging Strike
3-2: Ground out 6-3 (Groundball, 6)
Batting: RHB Pat Johnston 0-0: Ball
1-0: Ball
2-0: Foul Ball, location: 2F
2-1: Ball
3-1: Base on Balls
Batting: LHB Jack Mitchell 0-0: Ball
Pat Johnston steals 2nd base
1-0: Foul Ball, location: 2F
1-1: Ball
2-1: SINGLE (Groundball, 56S) (infield hit)
Pat Johnston to third
Batting: RHB Carlos Dumenigo 0-0: Ball
1-0: Swinging Strike
1-1: Ground out 6-3 (Groundball, 6)
Bottom of the 4th over - 0 run(s), 1 hit(s), 0 error(s), 2 left on base; Coronado 2 - Amity Gardens 0
TOP OF THE 5TH
Coronado Eclipse batting - Pitching for Amity Gardens Westerners : LHP Fernando García
Batting: RHB Mario Barker 0-0: Ball
1-0: Called Strike
1-1: Ball
2-1: Foul Ball, location: 2F
2-2: Foul Ball, location: 2F
2-2: Strikes out swinging
Batting: RHB Luis López 0-0: Ground out 6-3 (Groundball, 6S)
Batting: RHB Júlio Núñez 0-0: Swinging Strike
0-1: Swinging Strike
0-2: Fly out, F2 (Popup, 2R)
Top of the 5th over - 0 run(s), 0 hit(s), 0 error(s), 0 left on base; Coronado 2 - Amity Gardens 0
BOTTOM OF THE 5TH
Amity Gardens Westerners batting - Pitching for Coronado Eclipse : RHP Roger Coulombe
Batting: RHB Josh Bergman 0-0: Ball
1-0: Ball
2-0: Foul Ball, location: 2F
2-1: Called Strike
2-2: Foul Ball, location: 2F
2-2: Strikes out looking
Batting: RHB Jonathon García 0-0: Ball
1-0: Called Strike
1-1: Ground out 6-3 (Groundball, 6)
Batting: RHB Tomás Rivera 0-0: Swinging Strike
0-1: Ball
1-1: Swinging Strike
1-2: Strikes out looking
Bottom of the 5th over - 0 run(s), 0 hit(s), 0 error(s), 0 left on base; Coronado 2 - Amity Gardens 0
TOP OF THE 6TH
Coronado Eclipse batting - Pitching for Amity Gardens Westerners : LHP Fernando García
Batting: RHB Jesús Pérez 0-0: Swinging Strike
0-1: Ball
1-1: Foul Ball, location: 2F
1-2: Foul Ball, location: 2F
1-2: SINGLE (Groundball, 5D)
Batting: RHB Phil Martin 0-0: Ball
1-0: Ball
2-0: Called Strike
2-1: Called Strike
2-2: Fielders Choice at 2nd, 6-4 (Groundball, 6)
Batting: RHB Ramón Sánchez 0-0: Fly out, F4 (Flyball, 34D)
Batting: RHB Javier Hernández 0-0: Ball
1-0: Ball
2-0: Foul Ball, location: 2F
2-1: Foul Ball, location: 2F
2-2: Ball
3-2: Strikes out swinging
Top of the 6th over - 0 run(s), 1 hit(s), 0 error(s), 1 left on base; Coronado 2 - Amity Gardens 0
BOTTOM OF THE 6TH
Amity Gardens Westerners batting - Pitching for Coronado Eclipse : RHP Roger Coulombe
Batting: RHB Mel Wells 0-0: Ball
1-0: Foul Ball, location: 2F
1-1: Ball
2-1: Foul Ball, location: 2F
2-2: Strikes out swinging
Pitching: RHP Bob Thompson
Batting: RHB Jorge García 0-0: Called Strike
0-1: Ball
1-1: Swinging Strike
1-2: Foul Ball, location: 2F
1-2: Ball
2-2: Ball
3-2: Strikes out swinging
Batting: RHB Gustavo Todd 0-0: Ball
1-0: Ball
2-0: Ball
3-0: Called Strike
3-1: Called Strike
3-2: Base on Balls
Batting: RHB Pat Johnston 0-0: Ball
1-0: Ball
2-0: Called Strike
2-1: Foul Ball, location: 2F
2-2: Fielders Choice at 2nd, 6-4 (Groundball, 6)
Bottom of the 6th over - 0 run(s), 0 hit(s), 0 error(s), 0 left on base; Coronado 2 - Amity Gardens 0
TOP OF THE 7TH
Coronado Eclipse batting - Pitching for Amity Gardens Westerners : LHP Fernando García
Pitching: RHP Dan McCullough
Batting: RHB Bill Petty 0-0: Called Strike
0-1: Swinging Strike
0-2: Strikes out swinging
Batting: RHB Felipe Hernández 0-0: SINGLE (Flyball, 8LS)
Batting: RHB Mario Barker 0-0: Ball
1-0: Called Strike
1-1: SINGLE (Line Drive, 4MD)
Felipe Hernández to second
Batting: RHB Luis López 0-0: Called Strike
0-1: Foul Ball, location: 2F
0-2: Strikes out swinging
Pinch Hitting: LHB Julián Díaz 0-0: Ball
1-0: Swinging Strike
1-1: Ball
2-1: Ball
3-1: Base on Balls
Felipe Hernández to third
Mario Barker to second
Batting: RHB Jesús Pérez 0-0: Ball
1-0: Fly out, F7 (Line Drive, 7)
Top of the 7th over - 0 run(s), 2 hit(s), 0 error(s), 3 left on base; Coronado 2 - Amity Gardens 0
BOTTOM OF THE 7TH
Amity Gardens Westerners batting - Pitching for Coronado Eclipse : RHP Bob Thompson
Now at 1B: Julián Díaz
Batting: LHB Jack Mitchell 0-0: SOLO HOME RUN (Flyball, 89XD), Distance : 419 ft
Batting: RHB Carlos Dumenigo 0-0: Reached on error, E5 (Groundball, 56)
Batting: RHB Josh Bergman 0-0: Sac Bunt - play at first, batter OUT! 1-4
Carlos Dumenigo to second
Batting: RHB Jonathon García 0-0: Ball
1-0: Ball
2-0: Ball
3-0: Base on Balls
Pinch Runner at 2nd Manny Olhoa:
Pinch Hitting: RHB Xavier Silva 0-0: Ball
1-0: Called Strike
1-1: Ball
Manny Olhoa steals 3rd base
Jonathon García to second
2-1: Ball
3-1: DOUBLE (Line Drive, 78D)
Manny Olhoa scores
Jonathon García scores
Pinch Hitting: LHB Eddie Nealon 0-0: Intentional Walk
Pitching: RHP Dave Weeks
Pinch Runner at 2nd Steve Myers:
Pinch Hitting: SHB John Kessler 0-0: Ball
Steve Myers steals 3rd base
Eddie Nealon to second
1-0: Foul Ball, location: 2F
1-1: Fly out, F8 (Flyball, 8RM)
Runner from 3rd tags up, SCORES, no throw
Batting: RHB Gustavo Todd 0-0: Ball
1-0: Called Strike
1-1: Ball
2-1: Ball
3-1: Called Strike
3-2: Foul Ball, location: 2F
3-2: Ground out 5-3 (Groundball, 56)
Bottom of the 7th over - 4 run(s), 2 hit(s), 1 error(s), 1 left on base; Coronado 2 - Amity Gardens 4
TOP OF THE 8TH
Coronado Eclipse batting - Pitching for Amity Gardens Westerners : RHP Dan McCullough
Now at 1B: Ánibal Vega
Now at SS: John Kessler
Now in LF: Manny Olhoa
Now in RF: Steve Myers
Batting: RHB Phil Martin 0-0: Called Strike
0-1: Ball
1-1: Foul Ball, location: 2F
1-2: Foul Ball, location: 2F
1-2: Foul Ball, location: 2F
1-2: Ball
2-2: Ground out 4-3 (Groundball, 4)
Batting: RHB Ramón Sánchez 0-0: Ball
1-0: Ball
2-0: Ball
3-0: Called Strike
3-1: Base on Balls
Pitching: RHP Frank Wilcox
Pinch Runner at 1st Danny Scott:
Batting: RHB Javier Hernández 0-0: Ball
1-0: Ball
2-0: Ball
Wild Pitch!
Danny Scott to second
3-0: Called Strike
3-1: Foul Ball, location: 2F
3-2: Ground out 4-3 (Groundball, 4M)
Danny Scott to third
Batting: RHB Bill Petty 0-0: Swinging Strike
0-1: Foul Ball, location: 2F
0-2: Foul Ball, location: 2F
0-2: Strikes out looking
Top of the 8th over - 0 run(s), 0 hit(s), 0 error(s), 1 left on base; Coronado 2 - Amity Gardens 4
BOTTOM OF THE 8TH
Amity Gardens Westerners batting - Pitching for Coronado Eclipse : RHP Dave Weeks
Now in LF: Ramón Espinoza
Batting: RHB Pat Johnston 0-0: Ball
1-0: Ball
2-0: Foul Ball, location: 2F
2-1: Reached on error, E5 (Groundball, 56S)
Pitching: LHP Luis Rincón
Batting: LHB Jack Mitchell 0-0: Ball
1-0: Swinging Strike
1-1: Swinging Strike
1-2: Ball
2-2: Foul Ball, location: 2F
2-2: Fly out, F8 (Flyball, 78M)
Pitching: RHP Paul McGowan
Batting: RHB Manny Olhoa 0-0: Called Strike
0-1: Foul Ball, location: 2F
0-2: Fly out, F7 (Flyball, 7)
Batting: RHB Josh Bergman 0-0: Ball
1-0: Ground out 5-3 (Groundball, 56S)
Bottom of the 8th over - 0 run(s), 0 hit(s), 1 error(s), 1 left on base; Coronado 2 - Amity Gardens 4
TOP OF THE 9TH
Coronado Eclipse batting - Pitching for Amity Gardens Westerners : RHP Frank Wilcox
Pitching: LHP Rodrigo Freitas
Now at 3B: Luis López
Batting: RHB Felipe Hernández 0-0: SINGLE (Line Drive, 7S)
Batting: RHB Mario Barker 0-0: Ball
1-0: Swinging Strike
1-1: Ball
2-1: Called Strike
2-2: Grounds into double play, 4-6-3 (Groundball, 4)
Batting: RHB Luis López 0-0: Ball
1-0: Foul Ball, location: 2F
1-1: Swinging Strike
1-2: Foul Ball, location: 2F
1-2: Foul Ball, location: 2F
1-2: Foul Ball, location: 2F
1-2: Ball
2-2: SINGLE (Line Drive, 89S)
Pinch Runner at 1st Brandon Davis:
Pinch Hitting: RHB Fred Wagner 0-0: Ball
1-0: Foul Ball, location: 2F
1-1: Called Strike
1-2: Foul Ball, location: 2F
1-2: Strikes out swinging
Top of the 9th over - 0 run(s), 2 hit(s), 0 error(s), 1 left on base; Coronado 2 - Amity Gardens 4
Tuesday, August 8th, 2017 - OOTP Baseball 17.12 Build 75